 Dungeon Sprint DCSS version 0.30-a0-50-gb2d611f6b1 (webtiles) character file.

Game seed: 16765316713492116925

56757 nono the Hoplite (level 15, -2/141 HPs)
             Began as a Formicid Fighter on Sept 4, 2022.
             Was the Champion of Okawaru.
             Killed from afar by Roxanne (75 damage)
             ... with an iron shot
             ... in the Dungeon (Sprint V: "Ziggurat Sprint").
             The game lasted 00:22:33 (1883 turns).

nono the Hoplite (Formicid Fighter)                 Turns: 1883, Time: 00:22:34

Health: -2/141     AC: 32    Str: 26    XL:     15   Next: 23%
Magic:  23/27      EV:  9    Int:  8    God:    Okawaru [******]
Gold:   0          SH: 41    Dex: 15    Spells: 14/14 levels left

rFire   + + .      SeeInvis +    q - +14 obsidian axe {vorpal, Mesm Drain Fly SInv}
rCold   + + .      Faith    .    s - +18 shield of the Gong {rElec rN+ Will+ EV-5}
rNeg    + + +      Spirit   .    u - +5 gold dragon scales
rPois   +          Reflect  +    (helmet unavailable)
rElec   +          Harm     .    (no cloak)
rCorr   .          Rampage  +    (no gloves)
Will    ++...                    F - +0 pair of boots {rampage}
Stlth   ..........               I - amulet "Ibogais" {Reflect rN++ Int-2 Dex+2 SH+5 Stlth-}
HPRegen 0.33/turn                D - ring of protection from fire
MPRegen 0.20/turn                M - ring of protection from cold

@: mighty, heroic, finesse-ful, flying, mesmerised, studying Short Blades
A: permanent stasis, dig shafts and tunnels, antennae 3, four strong arms,
hooves 1
a: Dig, Renounce Religion, Heroism, Finesse


You were in the Dungeon.
You worshipped Okawaru.
Okawaru was exalted by your worship.
You visited 1 branch

Inventory:

Hand Weapons
 a - a +0 war axe
 q - the +14 obsidian axe (weapon) {vorpal, Mesm Drain Fly SInv}
   (You found it in the Dungeon)

   It inflicts extra damage upon your enemies.
   It occasionally summons demons to assist the wielder when it strikes in
   combat.
   Its wielder is mesmerised by any visible foes.
   It cannot be unequipped while any foes are visible.
   SInv:      It lets you see invisible.
   Fly:       It grants you flight.
   Drain:     It drains your maximum health when unequipped.
 t - a +5 executioner's axe of electrocution
 z - the +12 executioner's axe of Poiplag {protect, Int+3}
   (Okawaru gifted it to you in the Dungeon)

   It grants its wielder temporary protection when it strikes (+7 to AC).
   Int:       It affects your intelligence (+3).
Armour
 b - a +0 scale mail
 c - a +0 buckler
 r - the +15 Maxwell's patent armour {-Cast -Tele rElec Will+ rCorr}
   (You found it in the Dungeon)

   rElec:     It insulates you from electricity.
   -Cast:     It prevents spellcasting.
   -Tele:     It prevents most forms of teleportation.
   rCorr:     It protects you from acid and corrosion.
   Will:      It increases your willpower.
 s - the +18 shield of the Gong (worn) {rElec rN+ Will+ EV-5}
   (You found it in the Dungeon)

   It is deafeningly noisy when blocking attacks.
   EV:        It affects your evasion (-5).
   rElec:     It insulates you from electricity.
   rN:        It protects you from negative energy.
   Will:      It increases your willpower.
 u - +5 gold dragon scales (worn)
 F - a +0 pair of boots of rampaging (worn)
Jewellery
 j - a ring of flight
 k - a +6 ring of dexterity
 l - a +6 ring of dexterity
 m - a +6 ring of intelligence
 n - a +6 ring of intelligence
 o - a +6 ring of strength
 p - a +6 ring of strength
 D - a ring of protection from fire (left hand)
 E - an amulet of the acrobat
 G - the ring "Imaag" {Ice MP+9}
   (You found it in the Dungeon)

   [ring of ice]

   It enhances your ice magic.
   rF:        It makes you vulnerable to fire.
   rC:        It protects you from cold.
   MP:        It affects your magic capacity (+9).
 H - the amulet of Diamaseng {RegenMP Int+4 Dex+2}
   (You found it in the Dungeon)

   [amulet of magic regeneration]

   It increases your rate of magic regeneration.
   Int:       It affects your intelligence (+4).
   Dex:       It affects your dexterity (+2).
 I - the amulet "Ibogais" (around neck) {Reflect rN++ Int-2 Dex+2 SH+5 Stlth-}
   (You found it in the Dungeon)

   [amulet of reflection]

   It reflects blocked missile attacks.
   Int:       It affects your intelligence (-2).
   Dex:       It affects your dexterity (+2).
   rN:        It greatly protects you from negative energy.
   SH:        It affects your SH (+5).
   Stlth:     It makes you less stealthy.
 J - the amulet of Etohal {Spirit rN+ Int-4 SInv}
   (You found it in the Dungeon)

   [amulet of guardian spirit]

   It causes incoming damage to be divided between your reserves of health and
   magic.
   Int:       It affects your intelligence (-4).
   rN:        It protects you from negative energy.
   SInv:      It lets you see invisible.
 K - a ring of ice
 L - the ring of the Equinox {+Blink rElec Dex+6}
   (You found it in the Dungeon)

   [ring of dexterity]

   Dex:       It affects your dexterity (+6).
   rElec:     It insulates you from electricity.
   +Blink:    It lets you blink.
 M - a ring of protection from cold (right hand)
 N - the ring of Ytyulas {rElec rPois rF- Str+4 Int+2}
   (You took it off an ancient champion in the Dungeon)

   [ring of poison resistance]

   Str:       It affects your strength (+4).
   Int:       It affects your intelligence (+2).
   rF:        It makes you vulnerable to fire.
   rElec:     It insulates you from electricity.
   rPois:     It protects you from poison.
 P - a ring of protection from fire
 Q - the amulet "Piqiesa" {Faith Stlth+}
   (You found it in the Dungeon)

   [amulet of faith]

   It allows you to gain divine favour quickly.
   Stlth:     It makes you more stealthy.
 R - a ring of willpower
Wands
 h - a wand of mindburst (7)
 i - a wand of quicksilver (7)
Scrolls
 y - 4 scrolls of amnesia
 A - 8 scrolls of fog
 B - 4 scrolls of identify
 C - 2 scrolls of fear
 O - a scroll of brand weapon
Potions
 d - 5 potions of might
 e - 10 potions of curing
 f - 8 potions of heal wounds
 g - 7 potions of magic
 v - 2 potions of brilliance
 w - 2 potions of invisibility
 x - 3 potions of resistance


   Skills:
 + Level 20.0(25.0) Fighting
 + Level 18.8(23.8) Axes
 + Level 20.1(25.1) Armour
 + Level 11.4(16.4) Dodging
 + Level 23.3(27) Shields
 - Level 16.6 Invocations


You had 14 spell levels left.
You didn't know any spells.
Your spell library contained the following spells:

 Spells                   Type           Power      Damage    Failure   Level
 Apportation              Tloc           0%         N/A       98%         1
 Beastly Appendage        Tmut           0%         N/A       98%         1
 Necrotise                Necr           0%         1d4       98%         1
 Sandblast                Erth           0%         2d4       98%         1
 Shock                    Conj/Air       0%         1d3       98%         1
 Ensorcelled Hibernation  Hex/Ice        0%         N/A       99%         2
 Passwall                 Tmut/Erth      0%         N/A       99%         2
 Static Discharge         Conj/Air       0%         3-3/arc   99%         2
 Sublimation of Blood     Necr           0%         N/A       99%         2
 Wereblood                Tmut           0%         N/A       99%         2
 Conjure Flame            Conj/Fire      0%         6-21      100%        3
 Dazzling Flash           Conj/Hex       0%         N/A       100%        3
 Gell's Gravitas          Tloc           0%         N/A       100%        3
 Ignite Poison            Fire/Tmut/Pois 0%         N/A       100%        3
 Ozocubu's Armour         Ice            0%         N/A       100%        3
 Spider Form              Tmut/Pois      0%         N/A       100%        3
 Stone Arrow              Conj/Erth      0%         3d7       100%        3
 Airstrike                Air            0%         2d(0-16)  100%        4
 Anguish                  Hex/Necr       0%         N/A       100%        4
 Corpse Rot               Necr/Pois/Air  0%         N/A       100%        4
 Dispel Undead            Necr           0%         3d6       100%        4
 Fulminant Prism          Conj/Hex       0%         3d6       100%        4
 Leda's Liquefaction      Hex/Erth       0%         N/A       100%        4
 Petrify                  Tmut/Erth      0%         N/A       100%        4
 Sticky Flame             Conj/Fire      0%         2d3       100%        4
 Agony                    Necr           0%         N/A       100%        5
 Blade Hands              Tmut           0%         N/A       100%        5
 Fireball                 Conj/Fire      0%         3d3       100%        5
 Irradiate                Conj/Tmut      0%         3d11      100%        5
 Lightning Bolt           Conj/Air       0%         1d11      100%        5
 Manifold Assault         Tloc           0%         N/A       100%        5
 Metabolic Englaciation   Hex/Ice        0%         N/A       100%        5
 Silence                  Hex/Air        0%         N/A       100%        5
 Starburst                Conj/Fire      0%         6d3       100%        6
 Statue Form              Tmut/Erth      0%         N/A       100%        6
 Dragon Form              Tmut           0%         N/A       100%        7
 Orb of Destruction       Conj           0%         9d5       100%        7
 Ozocubu's Refrigeration  Ice            0%         4d7       100%        7
 Storm Form               Tmut/Air       0%         N/A       100%        7
 Borgnjor's Revivificati  Necr           0%         N/A       100%        8
 Discord                  Hex            0%         N/A       100%        8
 Ignition                 Fire           0%         3d3       100%        8
 Maxwell's Capacitive Co  Air            0%         ∞         100%        8
 Necromutation            Tmut/Necr      0%         N/A       100%        8
 Chain Lightning          Conj/Air       0%         N/A       100%        9
 Death's Door             Necr           0%         N/A       100%        9
 Fire Storm               Conj/Fire      0%         5d1       100%        9
 Shatter                  Erth           0%         3d5*      100%        9
 Summon Small Mammal      Summ           Unusable   N/A       N/A         1
 Blink                    Tloc           Unusable   N/A       N/A         2
 Summon Ice Beast         Ice/Summ       Unusable   N/A       N/A         4
 Summon Lightning Spire   Summ/Air       Unusable   N/A       N/A         4
 Summon Mana Viper        Hex/Summ       Unusable   N/A       N/A         5
 Death Channel            Necr           Unusable   N/A       N/A         6

Dungeon Overview and Level Annotations

Branches:
Dungeon (1/1)

Altars:
Ashenzari
Cheibriados
Dithmenos
Elyvilon
Fedhas
Gozag
Hepliaklqana
Kikubaaqudgha
Makhleb
Nemelex Xobeh
Okawaru
Qazlal
Ru
Sif Muna
Trog
Uskayaw
Vehumet
Wu Jian
Xom
Yredelemnul
Zin
The Shining One
Jiyva
Lugonu

Annotations:
D 1 transporter, Roxanne


Innate Abilities, Weirdness & Mutations

You cannot be hasted, slowed, berserked, paralysed or teleported.
You can dig through walls and to a lower floor.
You have a pair of large antennae on your head. (SInv)
Your four strong arms can wield two-handed weapons with a shield.
You have large cloven feet.


Message History

You block Azrael's attack.
SHROANNG!
You block Louise's attack.
GONNNNG!
You carve Louise like a ham!!!
You kill Louise!
Okawaru accepts your kill.
You slice Azrael!! You slice Donald!! You block Donald's attack.
GONNNNG!
You slice Donald!!
You kill Donald!
Okawaru is honoured by your kill.
You hit Azrael.
Your base Armour skill increases to level 20!
You slice Azrael!!
You break out of your daze!
You kill Azrael!
Okawaru accepts your kill.
Visions of slaying Roxanne flood into your mind.
Your base Fighting skill increases to level 20!
Found a transporter.
Items here: )) [ †.
Roxanne casts a spell.
The crystal spear reflects off an invisible shield around you!
PANG!
The crystal spear hits Roxanne!!!
You rampage towards Roxanne!
You hit Roxanne.
Roxanne is moderately damaged.
You slice Roxanne!!
Roxanne is heavily damaged.
You slash Roxanne!
Roxanne is heavily damaged.
You hit Roxanne but do no damage.
Roxanne is heavily damaged.
You slice Roxanne like a ripe choko!!!
Roxanne is severely damaged.
Roxanne casts a spell.
The iron shot hits you!!!!
Ouch! That really hurt!
You die...

▓.............▓.....©.....▓..
▓.............▓▓▓▓▓▓▓▓▓▓▓▓▓.▓
▓.............▓....8©8....▓..
▓.............▓..::.|})|..▓▓▓
▓......©......▓...:.||[...▓..
▓▓▓▓▓▓▓▓▓▓▓▓▓▓▓...........▓..
....8©8.....▓...........▓..
..)[[.:}[):8.▓...........▓..
..!).)[=|}}@.▓...........▓..
.............▓..▓.....▓))▓..
.............▓.▓▓▓...▓▓▓)▓..
.............▓..▓.....▓))▓.▓
.............▓.....©...).▓..
.......|)....▓▓▓▓▓▓▓▓▓▓▓▓▓▓▓
.▓....).)▓..▓...8©8...▓.~.8 ▓
▓▓....!▓▓▓)▓..||.)}:.▓.~[}
▓..▓....)..▓..▓..[).|...▓.~:~


You could see Roxanne (mesmerising).

Vanquished Creatures
  Nikola (D)
  A Hell Sentinel (D)
  A lich (D)
  An acid blob (D)
  Polyphemus (D)
  6 ancient champions (D)
  Agnes (D)
  Frances (D)
  Kirke (D)
  Donald (D)
  A rockslime (D)
  Louise (D)
  An iron dragon (D)
  A war gargoyle (D)
  2 quicksilver oozes (D)
  Azrael (D)
  3 merfolk impalers (D)
  2 iron golems (D)
  A merfolk javelineer (D)
  An ettin (D)
  10 vault guards (D)
  Erica (D)
  2 merfolk aquamancers (D)
  An anaconda (D)
  A merfolk avatar (D)
  2 naga warriors (D)
  3 crystal echidnas (D)
  3 starcursed masses (D)
  A glowing orange brain (D)
  A harpy (D)
  2 orc knights (D)
  A shining eye (D)
  8 slime creatures (D)
  4 toenail golems (D)
  A black mamba (D)
  A guardian serpent (D)
  3 naga magi (D)
  4 eyes of devastation (D)
  2 yaktaurs (D)
  A komodo dragon (D)
  2 merfolk (D)
  A blink frog (D)
  Sigmund (D)
  A yak (D)
  3 golden eyes (D)
  2 nagas (D)
  3 wargs (D)
  3 water moccasins (D)
  A floating eye (D)
  6 orc warriors (D)
  3 ogres (D)
  A wolf (D)
  2 earth elementals (D)
  A crimson imp (D)
  2 orc priests (D)
  12 jellies (D)
  Ijyb (D)
  Jessica (D)
  An iguana (D)
  6 orc wizards (D)
  A hell rat (D)
  A small abomination (D)
  6 adders (D)
  A white imp (D)
  4 orcs (D)
  2 endoplasms (D)
  7 ball pythons (D)
156 creatures vanquished.

Vanquished Creatures (others)
  A raiju (D)
  A crimson imp (D)
2 creatures vanquished.

Grand Total: 158 creatures vanquished

Notes
Turn   | Place    | Note
-------+----------+-------------------------------------------
     0 | D        | nono the Formicid Fighter began the quest for the Orb.
     0 | D        | Reached XP level 1. HP: 18/18 MP: 1/1
     0 | D        | Found a shimmering blue altar of Sif Muna.
     0 | D        | Found a bloodstained altar of Trog.
     0 | D        | Found a sacrificial altar of Ru.
     0 | D        | Found a stormy altar of Qazlal.
     0 | D        | Found an iron altar of Okawaru.
     4 | D        | Found a sparkling altar of Nemelex Xobeh.
     4 | D        | Found the +6 Majin-Bo {vamp, MP+6 Int+6}
     4 | D        | Found the +9 heavy crossbow "Sniper" {vorpal, Acc+∞ SInv}
     4 | D        | Found the +10 dark maul {vorpal}
     4 | D        | Found the +15 Maxwell's patent armour {-Cast -Tele rElec
                  | Will+ rCorr}
     4 | D        | Found the +18 shield of the Gong {rElec rN+ Will+ EV-5}
     4 | D        | Found the +14 obsidian axe {vorpal, Mesm Drain Fly SInv}
     4 | D        | Found the +7 great mace "Firestarter" {inner flame, rF++}
     4 | D        | Found the +6 shillelagh "Devastator" {shatter}
     4 | D        | Found the +11 plutonium sword {Contam Stlth-}
     4 | D        | Found the +8 lance "Wyrmbane" {slay drac, rPois rF+ rC+
                  | AC+3}
     4 | D        | Found the +9 sword of Zonguldrok {reap}
     4 | D        | Found the +13 scythe of Curses {drain, Drain}
     4 | D        | Found the +5 sword of Power {vorpal}
     4 | D        | Found the +7 mace of Variability {chain chaos}
     4 | D        | Found the +7 Singing Sword {vorpal, sonic wave}
     4 | D        | Found the +8 storm bow {elec, penet}
     6 | D        | Found a corrupted altar of Lugonu.
     6 | D        | Found an ancient bone altar of Kikubaaqudgha.
     6 | D        | Found a burning altar of Makhleb.
     6 | D        | Found a transporter.
     6 | D        | Found a viscous altar of Jiyva.
     6 | D        | Found a hazy altar of Hepliaklqana.
    39 | D        | Found an opulent altar of Gozag.
    40 | D        | Found a blossoming altar of Fedhas.
    99 | D        | Became a worshipper of Warmaster Okawaru
   110 | D        | Entered arena 2.
   110 | D        | Noticed Sigmund
   110 | D        | Noticed Jessica
   110 | D        | Found a transporter.
   112 | D        | Killed Jessica
   113 | D        | Reached skill level 5 in Shields
   113 | D        | Reached XP level 2. HP: 19/26 MP: 2/2
   113 | D        | Reached XP level 3. HP: 23/31 MP: 3/3
   113 | D        | Killed Sigmund
   113 | D        | Reached * piety under Okawaru
   114 | D        | Reached skill level 5 in Axes
   114 | D        | Reached skill level 8 in Shields
   114 | D        | Reached XP level 4. HP: 33/43 MP: 4/4
   114 | D        | Reached XP level 5. HP: 36/48 MP: 5/5
   183 | D        | Entered arena 3.
   183 | D        | Found the +9 staff of Olgreb {rPois∞}
   183 | D        | Found a transporter.
   187 | D        | Reached XP level 6. HP: 55/55 MP: 6/6
   193 | D        | Got Tiklu's Compilation of Clouds
   198 | D        | Entered arena 4.
   198 | D        | Found a transporter.
   203 | D        | Reached skill level 9 in Shields
   230 | D        | Entered arena 5.
   230 | D        | Found a transporter.
   234 | D        | Reached ** piety under Okawaru
   238 | D        | Got the Writings on Unholy Outbursts
   246 | D        | Entered arena 6.
   246 | D        | Found a transporter.
   249 | D        | Reached skill level 10 in Shields
   249 | D        | Reached XP level 7. HP: 63/63 MP: 7/7
   257 | D        | Got the ring "Imaag" {Ice MP+9}
   261 | D        | Got the amulet of Diamaseng {RegenMP Int+4 Dex+2}
   270 | D        | Entered arena 7.
   270 | D        | Noticed a toenail golem
   270 | D        | Noticed a toenail golem
   270 | D        | Noticed a toenail golem
   270 | D        | Noticed a toenail golem
   272 | D        | Found a transporter.
   277 | D        | Killed a toenail golem
   278 | D        | Reached skill level 11 in Shields
   278 | D        | Reached XP level 8. HP: 72/72 MP: 5/8
   279 | D        | Reached skill level 10 in Armour
   279 | D        | Killed a toenail golem
   279 | D        | Reached *** piety under Okawaru
   279 | D        | Killed a toenail golem
   280 | D        | Reached skill level 13 in Shields
   280 | D        | Reached XP level 9. HP: 81/81 MP: 5/9
   284 | D        | Killed a toenail golem
   285 | D        | Reached skill level 10 in Axes
   291 | D        | Got the amulet "Ibogais" {Reflect rN++ Int-2 Dex+2 SH+5
                  | Stlth-}
   314 | D        | Entered arena 8.
   314 | D        | Noticed a blink frog
   314 | D        | Noticed a komodo dragon
   323 | D        | Killed a blink frog
   324 | D        | Reached skill level 14 in Shields
   325 | D        | Killed a komodo dragon
   327 | D        | Found a transporter.
   334 | D        | Got the amulet of Etohal {Spirit rN+ Int-4 SInv}
   343 | D        | Entered arena 9.
   343 | D        | Noticed a starcursed mass
   343 | D        | Noticed a lich
   343 | D        | Noticed a raiju
   346 | D        | Found a transporter.
   348 | D        | Killed a raiju
   356 | D        | Killed a lich
   356 | D        | Reached **** piety under Okawaru
   357 | D        | Reached skill level 15 in Shields
   357 | D        | Reached XP level 10. HP: 46/92 MP: 8/13
   359 | D        | Killed a starcursed mass
   360 | D        | Reached skill level 5 in Invocations
   360 | D        | Killed a starcursed mass
   360 | D        | Reached ***** piety under Okawaru
   362 | D        | Killed a starcursed mass
   539 | D        | Entered arena 10.
   539 | D        | Found the +8 whip "Snakebite" {venom, curare, rPois}
   539 | D        | Noticed an eye of devastation
   539 | D        | Noticed a shining eye
   539 | D        | Noticed an eye of devastation
   539 | D        | Noticed an eye of devastation
   547 | D        | Reached XP level 11. HP: 93/98 MP: 15/15
   550 | D        | Reached skill level 16 in Shields
   551 | D        | Gained mutation: You have large cloven feet. [a shining
                  | eye]
   552 | D        | Killed a shining eye
   557 | D        | Reached XP level 12. HP: 101/107 MP: 15/17
   558 | D        | Found a transporter.
   569 | D        | Got the Catalogue of Glamour
   573 | D        | Entered arena 11.
   583 | D        | Found a transporter.
   594 | D        | Got the Collected Works on Geometric Mustering
   601 | D        | Got the Dissertation on Attacks and Darkness
   608 | D        | Entered arena 12.
   608 | D        | Noticed a merfolk impaler
   608 | D        | Noticed a merfolk aquamancer
   608 | D        | Noticed a merfolk javelineer
   608 | D        | Noticed a merfolk aquamancer
   608 | D        | Noticed a merfolk impaler
   608 | D        | Noticed a merfolk avatar
   611 | D        | Identified the +7 dagger of the Sharp God {drain, rC- rN+++
                  | Str-2} (Okawaru gifted it to you in the Dungeon)
   611 | D        | Received a gift from Okawaru
   611 | D        | Noticed a merfolk impaler
   612 | D        | Reached skill level 17 in Shields
   618 | D        | Killed a merfolk aquamancer
   622 | D        | Killed a merfolk aquamancer
   624 | D        | Killed a merfolk javelineer
   625 | D        | Reached skill level 15 in Armour
   630 | D        | Killed a merfolk impaler
   631 | D        | Reached skill level 15 in Fighting
   635 | D        | Reached skill level 10 in Invocations
   635 | D        | Killed a merfolk impaler
   636 | D        | Reached skill level 18 in Shields
   638 | D        | Killed a merfolk impaler
   639 | D        | Found a transporter.
   646 | D        | Killed a merfolk avatar
   646 | D        | Identified the +12 executioner's axe of Poiplag {protect,
                  | Int+3} (Okawaru gifted it to you in the Dungeon)
   646 | D        | Received a gift from Okawaru
   888 | D        | Entered arena 13.
   890 | D        | Noticed a quicksilver ooze
   890 | D        | Found a transporter.
   895 | D        | Killed a quicksilver ooze
   895 | D        | Reached ****** piety under Okawaru
   896 | D        | Reached skill level 15 in Axes
   896 | D        | Reached skill level 1 in Dodging
   918 | D        | Got the ring of the Equinox {+Blink rElec Dex+6}
   927 | D        | Entered arena 14.
   935 | D        | Noticed a vault guard
   935 | D        | Noticed a vault guard
   935 | D        | Noticed a vault guard
   935 | D        | Noticed a vault guard
   935 | D        | Noticed a vault guard
   935 | D        | Noticed a vault guard
   938 | D        | Identified the +8 flail "Vucoj" {vorpal, rN+ Will+}
   938 | D        | Noticed a vault guard
   943 | D        | Killed a vault guard
   944 | D        | Reached XP level 13. HP: 109/117 MP: 18/21
   946 | D        | Killed a vault guard
   948 | D        | Killed a vault guard
   949 | D        | Reached skill level 19 in Shields
   956 | D        | Killed a vault guard
   956 | D        | Identified the +0 plate armour of the King of the Hill
                  | {rElec rPois rC- Regen+} (Okawaru gifted it to you in the
                  | Dungeon)
   956 | D        | Received a gift from Okawaru
   957 | D        | Noticed a vault guard
   957 | D        | Noticed a vault guard
   959 | D        | Noticed a vault guard
   960 | D        | Killed a vault guard
   960 | D        | Killed a vault guard
   964 | D        | Killed a vault guard
   965 | D        | Reached skill level 5 in Dodging
   967 | D        | Killed a vault guard
   968 | D        | Killed a vault guard
   971 | D        | Killed a vault guard
   972 | D        | Found a transporter.
  1017 | D        | Entered arena 15.
  1035 | D        | Noticed an anaconda
  1043 | D        | Killed an anaconda
  1045 | D        | Reached skill level 20 in Shields
  1046 | D        | Found a transporter.
  1074 | D        | Got the Quarto of Hazy Shaping
  1086 | D        | Entered arena 16.
  1090 | D        | Noticed an iron dragon
  1090 | D        | Noticed an ancient champion
  1090 | D        | Noticed an ancient champion
  1090 | D        | Noticed an ancient champion
  1090 | D        | Noticed a war gargoyle
  1090 | D        | Found the +5 demon whip "Spellbinder" {antimagic, Will+}
  1091 | D        | Noticed a Hell Sentinel
  1093 | D        | Noticed an ancient champion
  1095 | D        | Noticed an ancient champion
  1096 | D        | Noticed an iron golem
  1097 | D        | Killed a war gargoyle
  1102 | D        | Identified the +5 scale mail of the Lachrymose God {*Slow
                  | Str+4 Dex+5} (Okawaru gifted it to you in the Dungeon)
  1102 | D        | Received a gift from Okawaru
  1102 | D        | Noticed an iron golem
  1104 | D        | Killed an ancient champion
  1106 | D        | Killed a Hell Sentinel
  1107 | D        | Reached XP level 14. HP: 108/129 MP: 17/24
  1108 | D        | Identified the ring of Ytyulas {rElec rPois rF- Str+4
                  | Int+2}
  1108 | D        | Noticed an ancient champion
  1109 | D        | Killed an ancient champion
  1111 | D        | Killed an ancient champion
  1112 | D        | Killed an ancient champion
  1113 | D        | Reached skill level 21 in Shields
  1114 | D        | Reached skill level 15 in Invocations
  1123 | D        | Killed an iron dragon
  1124 | D        | Killed an ancient champion
  1129 | D        | Killed an ancient champion
  1148 | D        | Killed an iron golem
  1168 | D        | Killed an iron golem
  1178 | D        | Found a transporter.
  1186 | D        | Got the Guidebook on Frosty Hurting
  1496 | D        | Entered arena 17.
  1507 | D        | Identified the +11 halberd of Wounding {flame, rC+++ MP-9
                  | Int+2 SInv}
  1508 | D        | Found a transporter.
  1734 | D        | Entered arena 18.
  1742 | D        | Noticed an acid blob
  1742 | D        | Noticed a quicksilver ooze
  1745 | D        | Noticed a rockslime
  1745 | D        | Found a transporter.
  1748 | D        | Killed a quicksilver ooze
  1749 | D        | Reached skill level 22 in Shields
  1753 | D        | Killed an acid blob
  1755 | D        | Reached skill level 10 in Dodging
  1760 | D        | Killed a rockslime
  1765 | D        | Identified the +6 chain mail of the Hall of Blades {Harm}
                  | (Okawaru gifted it to you in the Dungeon)
  1765 | D        | Received a gift from Okawaru
  1790 | D        | Got the amulet "Piqiesa" {Faith Stlth+}
  1830 | D        | Entered arena 19.
  1837 | D        | Noticed Nikola
  1837 | D        | Noticed Kirke
  1837 | D        | Noticed Erica
  1837 | D        | Noticed Agnes
  1837 | D        | Noticed Azrael
  1837 | D        | Noticed Polyphemus
  1844 | D        | Killed Agnes
  1850 | D        | Identified the ring of Tycrosol {rN+ Dex+4}
  1850 | D        | Noticed Maurice
  1851 | D        | Identified the ring of Efakathro {MP+9 Int+2 Stlth+}
  1851 | D        | Noticed Louise
  1851 | D        | Noticed Frances
  1851 | D        | Noticed Donald
  1853 | D        | Killed Erica
  1856 | D        | Killed Nikola
  1857 | D        | Reached XP level 15. HP: 78/139 MP: 20/27
  1857 | D        | Noticed Ijyb
  1858 | D        | Identified Roxanne's Compilation of Moulding
  1858 | D        | Noticed Roxanne
  1858 | D        | Banished Maurice
  1863 | D        | Killed Kirke
  1865 | D        | Killed Polyphemus
  1866 | D        | Killed Frances
  1867 | D        | Reached skill level 23 in Shields
  1870 | D        | Killed Ijyb
  1871 | D        | Killed Louise
  1872 | D        | Killed Donald
  1873 | D        | Killed Azrael
  1874 | D        | Found a transporter.
  1883 | D        | Killed from afar by Roxanne

Illustrated notes

Levels and vault maps discovered:
D:        sprint_v [room_start, room_1, room_2, room_3, room_4, room_5, room_6,
          room_7, room_8, room_9, room_10, room_11, room_12, room_13, room_14,
          room_15, room_16, room_17, room_18, room_19, room_20, room_21,
          room_22, room_23, room_24, room_25, room_26, room_27]

Skill      XL: |  1  2  3  4  5  6  7  8  9 10 11 12 13 14 15 |
---------------+----------------------------------------------+-----
Fighting       | 4 7 8 9 11 13 14 16 17 19 20 | 20.0
Armour         | 4 7 8 9 11 13 14 16 17 19 20 | 20.1
Shields        | 5 8 10 11 13 15 16 18 20 22 23 | 23.3
Axes           | 5 6 8 9 11 13 15 16 18 | 18.8
Invocations    | 4 6 7 11 14 16 | 16.6
Dodging        | 3 7 10 11 | 11.4

Action                   |  1- 3 |  4- 6 |  7- 9 | 10-12 | 13-15 || total
-------------------------+-------+-------+-------+-------+-------++-------
Melee: Broad axe         |     2 |    12 |    35 |    64 |   196 ||   309
Invok: Heroism           |       |       |     2 |     3 |     5 ||    10
       Finesse           |       |       |       |     1 |     5 ||     6
  Use: Potion            |       |       |       |     4 |     1 ||     5
       Scroll            |       |       |       |       |     2 ||     2
Armor: Plate armour      |     1 |     5 |     3 |       |       ||     9
       Gold dragon scale |       |       |     3 |     9 |    12 ||    24
Dodge: Dodged            |       |     2 |     3 |     2 |     6 ||    13
Block: Kite shield       |     1 |    24 |    49 |    78 |   151 ||   303
       Reflection        |       |       |     1 |     6 |    10 ||    17

Table legend: (Time is in decaauts)
 A = Elapsed time spent in this place.
 B = Non-inter-level travel time spent in this place.
 C = Inter-level travel time spent in this place.
 D = Time resting spent in this place.
 E = Time spent auto-exploring this place.
 F = Levels seen in this place.
 G = Mean time per level.
                   A        B        C        D        E       F      G
               +--------+--------+--------+--------+--------+-----+--------+
         Total |   1750 |   1715 |     35 |    887 |      0 |   1 | 1750.0 |
       Dungeon |   1750 |   1715 |     35 |    887 |      0 |   1 | 1750.0 |
               +--------+--------+--------+--------+--------+-----+--------+

Top non-repeatable levels by time:
       D: 1750 daAuts
